 Dungeon Crawl Stone Soup version 0.30-a0-5-g3a90980b9d (webtiles) character file.

Game seed: 6658945646146779850

304 Plasmagod the Trooper (level 6, -11/44 HPs)
             Began as a Gargoyle Fighter on Aug 22, 2022.
             Mangled by an ogre
             ... wielding a +0 giant club
              (32 damage)
             ... on level 3 of the Dungeon.
             The game lasted 00:03:18 (3183 turns).

Plasmagod the Trooper (Gargoyle Fighter)            Turns: 3183, Time: 00:03:19

Health: -11/44     AC: 12    Str: 22    XL:     6   Next: 38%
Magic:  6/6        EV:  9    Int:  8    God:
Gold:   113        SH:  4    Dex:  9    Spells: 5/5 levels left

rFire   . . .      SeeInvis .    a - +0 war axe
rCold   . . .      Faith    .    c - +0 buckler
rNeg    + . .      Spirit   .    b - +0 scale mail
rPois   ∞          Reflect  .    (no helmet)
rElec   +          Harm     .    (no cloak)
rCorr   .          Rampage  .    k - +0 pair of gloves
Will    .....                    (no boots)
Stlth   ..........               (no amulet)
HPRegen 0.14/turn                (no ring)
MPRegen 0.10/turn                (no ring)

@: no status effects
A: sickness immunity, AC +4, negative energy resistance 1, electricity
resistance, torment resistance 1, petrification resistance
a: no special abilities


You were on level 3 of the Dungeon.
You visited 1 branch of the dungeon, and saw 3 of its levels.

You collected 113 gold pieces.

Inventory:

Hand Weapons
 a - a +0 war axe (weapon)
Armour
 b - a +0 scale mail (worn)
 c - a +0 buckler (worn)
 k - a +0 pair of gloves (worn)
Scrolls
 d - a scroll of blinking {unknown}
 g - a scroll of enchant weapon {unknown}
 h - a scroll of immolation {unknown}
 i - 4 scrolls of identify {unknown}
 j - a scroll of vulnerability {unknown}
Potions
 e - 2 potions of curing {unknown}
 f - 2 potions of flight {unknown}


   Skills:
 + Level 7.6 Fighting
 - Level 1.7 Axes
 - Level 3.2 Armour
 - Level 3.2 Shields


You had 5 spell levels left.
You didn't know any spells.
Your spell library contained the following spells:

 Spells                   Type           Power      Damage    Failure   Level
 Magic Dart               Conj           0%         1d3       83%         1
 Call Imp                 Summ           0%         N/A       92%         2
 Dazzling Flash           Conj/Hex       0%         N/A       99%         3
 Frozen Ramparts          Ice            0%         1d1       99%         3
 Mephitic Cloud           Conj/Pois/Air  0%         N/A       99%         3
 Ice Form                 Ice/Tmut       0%         N/A       100%        4
 Summon Ice Beast         Ice/Summ       0%         N/A       100%        4
 Agony                    Necr           0%         N/A       100%        5
 Silence                  Hex/Air        0%         N/A       100%        5


Dungeon Overview and Level Annotations

Branches:
Dungeon (3/15)

Altars:
Uskayaw


Innate Abilities, Weirdness & Mutations

You are immune to sickness and miasma.
Your stone body is resilient. (AC +4)
You are immune to poison.
You resist negative energy. (rN+)
You are resistant to electric shocks. (rElec)
You are resistant to unholy torment.
You are immune to petrification.


Message History

You hit the worm but do no damage.
The worm is heavily wounded.
The worm barely misses you.
You slash the worm!
The worm is almost dead.
The worm bites you!
You slash the worm!
You kill the worm!
No target in view!
No target in view!
No target in view!
No target in view!
No target in view!
No target in view!
Found a stone staircase leading down.
An ogre comes into view. It is wielding a +0 giant club.
The ogre shouts!
The ogre hits you with a +0 giant club!!
Ouch! That really hurt!
You are too injured to fight recklessly!
You are too injured to fight recklessly!
You are too injured to fight recklessly!
You are too injured to fight recklessly!
You are too injured to fight recklessly!
You slash the ogre!
The ogre is moderately wounded.
You hit the ogre.
The ogre is moderately wounded.
The ogre barely misses you.
You barely miss the ogre.
The ogre is moderately wounded.
You block the ogre's attack.
You slash the ogre!
The ogre is severely wounded.
The ogre barely misses you.
You hit the ogre.
The ogre is severely wounded.
The ogre hits you with a +0 giant club!!
Ouch! That really hurt!
You die...

#......#######
.......†.
#.............
.........
#..........###
.......)# #........###
######### #......######
#... #......##...#
....## #.......#...###.
.. #.......#O......
#######.@..$.# ###.
#......# #... .......##
#.## ...........# #.#
#...#.#......# ###.#
#####.#..>.#...###..<##
#.#....# #......)).
#.####.. ##......##
...#.##.#


You could see an ogre.

Vanquished Creatures
  A hound (D:2)
  An iguana (D:3)
  3 orc wizards (D:3)
  4 gnolls
  6 adders
  4 worms
  2 dart slugs (D:1)
  8 orcs (D:3)
  4 ball pythons
  An endoplasm (D:1)
  2 giant cockroaches
  2 goblins (D:2)
  5 hobgoblins
  2 jackals (D:3)
  5 kobolds
  4 quokkas
  5 bats
  6 frilled lizards
  5 rats
70 creatures vanquished.

Notes
Turn   | Place    | Note
-------+----------+-------------------------------------------
     0 | D:1      | Plasmagod the Gargoyle Fighter began the quest for the Orb.
     0 | D:1      | Reached XP level 1. HP: 14/14 MP: 1/1
   254 | D:1      | Reached XP level 2. HP: 19/20 MP: 2/2
   326 | D:1      | Reached skill level 4 in Fighting
   965 | D:2      | Reached XP level 3. HP: 24/24 MP: 3/3
  1078 | D:2      | Reached skill level 5 in Fighting
  1263 | D:2      | Found a faded altar of an unknown god.
  1530 | D:2      | Reached XP level 4. HP: 25/32 MP: 4/4
  1637 | D:2      | Identified the +3 dagger "Waddov" {drain, rF+}
  2112 | D:3      | Reached skill level 6 in Fighting
  2122 | D:2      | Reached XP level 5. HP: 21/36 MP: 5/5
  2724 | D:3      | Found a hide-covered altar of Uskayaw.
  2800 | D:3      | Reached skill level 7 in Fighting
  2891 | D:3      | Reached XP level 6. HP: 40/44 MP: 6/6
  3183 | D:3      | Mangled by an ogre

Illustrated notes

Levels and vault maps discovered:
D:1:      lemuel_arrival_river_bridge, layout_basic
D:2:      layout_loops_corners, ebering_ecumenical_altar_sacrificial
D:3:      layout_rooms, nicolae_uskayaw_murder_on_the_dancefloor, st_stairs_11,
          kennysheep_another_room, hangedman_glass_garden

Skill      XL: |  1  2  3  4  5 |
---------------+----------------+-----
Fighting       | 4 5 6 7 |  7.6
Axes           | |  1.7
Armour         | |  3.2
Shields        | |  3.2

Action                   |  1- 3 |  4- 6 || total
-------------------------+-------+-------++-------
Melee: War axe           |    99 |   152 ||   251
  Use: Potion            |       |     1 ||     1
Armor: Scale mail        |    53 |    84 ||   137
Dodge: Dodged            |    57 |    70 ||   127
Block: Buckler           |    20 |    23 ||    43

Table legend: (Time is in decaauts)
 A = Elapsed time spent in this place.
 B = Non-inter-level travel time spent in this place.
 C = Inter-level travel time spent in this place.
 D = Time resting spent in this place.
 E = Time spent auto-exploring this place.
 F = Levels seen in this place.
 G = Mean time per level.
                   A        B        C        D        E       F      G
               +--------+--------+--------+--------+--------+-----+--------+
         Total |   3299 |   3286 |     13 |    385 |   2330 |   3 | 1099.7 |
       Dungeon |   3299 |   3286 |     13 |    385 |   2330 |   3 | 1099.7 |
               +--------+--------+--------+--------+--------+-----+--------+

Top non-repeatable levels by time:
     D:2: 1322 daAuts
     D:3: 1015 daAuts
     D:1: 961 daAuts
